 Dungeon Crawl Stone Soup version 0.30.1-10-g1249ef9ec4 (webtiles) character file.

Game seed: 17677409096970034156

74 H0rd4k the Charlatan (level 4, -15/33 HPs)
             Began as a Human Artificer on Oct 26, 2023.
             Killed from afar by Ijyb (18 damage)
             ... with a bolt of acid
             ... on level 3 of the Dungeon.
             The game lasted 00:01:35 (2174 turns).

H0rd4k the Charlatan (Human Artificer)              Turns: 2174, Time: 00:01:36

Health: -15/33     AC:  0    Str: 13    XL:     4   Next: 54%
Magic:  4/4        EV: 12    Int: 13    God:
Gold:   146        SH:  0    Dex: 13    Spells: 3/3 levels left

rFire   . . .        p - +0 mace
rCold   . . .        (no shield)
rNeg    . . .        b - +0 leather armour
rPois   .            o - +0 helmet
rElec   .            (no cloak)
rCorr   .            (no gloves)
SInv    .            (no boots)
Will    .....        (no amulet)
Stlth   +            (no ring)
HPRegen 0.25/turn    (no ring)
MPRegen 0.09/turn

%: no passive effects
@: corroded
A: no striking features
a: no special abilities


You were on level 3 of the Dungeon.
You visited 1 branch of the dungeon, and saw 3 of its levels.

You collected 146 gold pieces.

Inventory:

Hand Weapons
 p - a +0 mace (weapon)
Armour
 b - a +0 leather armour (worn)
 o - a +0 helmet (worn)
Wands
 c - a wand of flame (10) (quivered)
 d - a wand of charming (15)
 e - a wand of iceblast (3)
Scrolls
 f - a scroll of vulnerability {unknown}
 g - 2 scrolls of magic mapping {unknown}
 l - 3 scrolls of teleportation {unknown}
 m - a scroll of noise {unknown}
 q - a scroll of poison {unknown}
Potions
 a - a potion of cancellation {unknown}
 h - a potion of attraction {unknown}
 i - 2 potions of haste {unknown}
 j - 3 potions of flight {unknown}
 k - a potion of lignification {unknown}
 n - 2 potions of degeneration {unknown}


   Skills:
 + Level 1.7 Fighting
 + Level 1.2 Maces & Flails
 - Level 2.0 Armour
 + Level 2.0 Dodging
 - Level 1.0 Stealth
 + Level 3.9 Evocations


You had 3 spell levels left.
You didn't know any spells.
Your spell library was empty.

Dungeon Overview and Level Annotations

Branches:
Dungeon (3/15)

Altars:
Fedhas
Kikubaaqudgha

Annotations:
D:3 2 runed translucent doors, exclusion: 2 doors, Ijyb; Tamtam's ghost, amateur DsHs


Message History

You now have 137 gold pieces (gained 17).
n - 2 bubbling clear potions (gained 1)
You now have 146 gold pieces (gained 9).
l - 3 scrolls labelled UQUESO WOOS (gained 1)
Found 6 stones.
No target in view!
You see here 6 stones.
Ijyb and an iguana come into view.
Ijyb is wielding a +1 spectral club and carrying a wand of acid (5).
Found a scroll labelled NUTSA DUWON.
Ijyb shouts!
Ijyb zaps a wand.
The bolt of acid hits you!!
Ouch! That really hurt!
The acid corrodes you!
The iguana hisses angrily.
There are monsters nearby!
You are too injured to fight recklessly!
There are monsters nearby!
You are too injured to fight recklessly!
There are monsters nearby!
You are too injured to fight recklessly!
Aiming: Iceblast
Press: ? - help, Shift-Dir - straight line, f - Ijyb
Aim: Ijyb, wielding a +1 spectral club, wearing a +0 scale mail and carrying a wand of acid (4)
The mass of ice explodes!
The iceblast engulfs Ijyb!!
Ijyb is almost dead.
The iceblast engulfs the iguana!!
You kill the iguana!
Ijyb zaps a wand.
The bolt of acid hits you!
* * * LOW HITPOINT WARNING * * *
Your Maces & Flails skill increases to level 1!
Your Dodging skill increases to level 2!
Aiming: Iceblast
Press: ? - help, Shift-Dir - straight line, f/p - Ijyb
Aim: Ijyb, wielding a +1 spectral club, wearing a +0 scale mail and carrying a wand of acid (3) (almost dead)
The mass of ice explodes!
The iceblast engulfs Ijyb.
Ijyb is almost dead.
Ijyb zaps a wand.
The bolt of acid hits you!!
Ouch! That really hurt!
You die...

#............#####
#..
..##.####..........#
### .....?#
##########.# ...g...
### #.# ....... ..#
#.# . ..P..####.#
#.# #..♣P.....#.#
#.# #.......#.#.#
#(#
...P♣.@#.#.######.#
#................#
##...####.########
#.#. #.# $..#. #.#
### ##.# #.# #.###.#
### #.....######.##
#.#......)....##


You could see Ijyb.

Vanquished Creatures
  An iguana (D:3)
  2 adders
  A worm (D:2)
  4 ball pythons
  5 bats
  3 endoplasms
  2 giant cockroaches
  2 goblins (D:1)
  2 hobgoblins (D:1)
  2 kobolds
  A quokka (D:1)
  3 frilled lizards
  A rat (D:2)
29 creatures vanquished.

Notes
Turn   | Place    | Note
-------+----------+-------------------------------------------
     0 | D:1      | H0rd4k the Human Artificer began the quest for the Orb.
     0 | D:1      | Reached XP level 1. HP: 15/15 MP: 1/1
   254 | D:1      | Reached XP level 2. HP: 11/21 MP: 2/2
  1064 | D:2      | Reached XP level 3. HP: 8/26 MP: 3/3
  1365 | D:2      | Found a faded altar of an unknown god.
  1783 | D:3      | Found a runed translucent door.
  1788 | D:3      | Noticed Tamtam's ghost (amateur DsHs)
  1834 | D:3      | Found a blossoming altar of Fedhas.
  1834 | D:3      | Found an ancient bone altar of Kikubaaqudgha.
  1885 | D:3      | Found a runed translucent door.
  1956 | D:3      | Reached XP level 4. HP: 22/32 MP: 4/4
  2171 | D:3      | Noticed Ijyb
  2174 | D:3      | Reached skill level 1 in Maces & Flails
  2174 | D:3      | Killed from afar by Ijyb

Illustrated notes

Levels and vault maps discovered:
D:1:      scummos_arrival_star, layout_loops_corners
D:2:      layout_basic, hellmonk_ecumenical_altar_zigzags
D:3:      layout_loops_ring, grunt_temple_overflow_growth_and_decay,
          ebering_ghost_sewer_f, serial_park_tiny_2, uniq_ijyb

Skill      XL: |  1  2  3  4 |
---------------+-------------+-----
Maces & Flails | 1 |  1.2
Dodging        | 2 |  2.0
Fighting       | |  1.7
Armour         | |  2.0
Stealth        | |  1.0
Evocations     | |  3.9

Action                     |  1- 3 |  4- 6 || total
---------------------------+-------+-------++-------
  Melee: Club              |   139 |       ||   139
  Evoke: Wand              |     5 |     2 ||     7
   Stab: Sleeping          |     2 |       ||     2
 Armour: Leather armour    |    75 |       ||    75
  Dodge: Dodged            |   112 |       ||   112
